 Dungeon Crawl Stone Soup version 0.30.1 (webtiles) character file.

Game seed: 11112710682124246774

83142 LustLizard the Earth Mage (level 15, -2/95 HPs)
             Began as a Gargoyle Earth Elementalist on July 2, 2023.
             Was a High Priest of Vehumet.
             Slain by Rupert
             ... wielding a +3 great mace of protection
              (29 damage)
             ... on level 13 of the Dungeon.
             The game lasted 00:58:38 (28830 turns).

LustLizard the Earth Mage (GrEE)                   Turns: 28830, Time: 00:58:38

Health: -2/95      AC: 29    Str: 18    XL:     15   Next: 76%
Magic:  2/28       EV: 17    Int: 26    God:    Vehumet [*****.]
Gold:   435        SH:  6    Dex: 18    Spells: 6/33 levels left

rFire   . . .        V - +1 broad axe of Ebeis {venom, Str+3 Dex+4}
rCold   . . .        K - +0 buckler
rNeg    + . .        x - +1 troll leather armour
rPois   ∞            J - +1 helmet
rElec   +            y - +2 cloak
rCorr   +            s - +1 pair of gloves
SInv    .            Y - +2 pair of boots
Will    +....        A - amulet "Geceat" {Acrobat Regen+ rCorr}
Stlth   +++          B - +5 ring of evasion
HPRegen 1.95/turn    m - ring of Juegopt {+Blink rPois rCorr Int+6 Dex+4 Slay-2}
MPRegen 0.21/turn

%: acrobat
@: flying
A: sickness immunity, AC +11, big wings, negative energy resistance 1,
electricity resistance, torment resistance 1, petrification resistance
a: Renounce Religion, Evoke Blink


You were on level 13 of the Dungeon.
You worshipped Vehumet.
Vehumet was extremely pleased with you.
You visited 4 branches of the dungeon, and saw 21 of its levels.
You also visited: Ossuary.

You collected 2317 gold pieces.
You spent 1882 gold pieces at shops.

Inventory:

Hand Weapons
 V - the +1 broad axe of Ebeis (weapon) {venom, Str+3 Dex+4}
   (You found it on level 2 of the Lair of Beasts)

   Str:       It affects your strength (+3).
   Dex:       It affects your dexterity (+4).
Armour
 s - a +1 pair of gloves (worn)
 x - a +1 troll leather armour (worn)
 y - a +2 cloak (worn)
 J - a +1 helmet (worn)
 K - a +0 buckler (worn)
 Y - a +2 pair of boots (worn)
Jewellery
 m - the ring of Juegopt (right hand) {+Blink rPois rCorr Int+6 Dex+4 Slay-2}
   (You acquired it on level 5 of the Lair of Beasts)

   [ring of intelligence]

   Int:       It affects your intelligence (+6).
   Dex:       It affects your dexterity (+4).
   Slay:      It affects your accuracy & damage with ranged weapons and melee
   (-2).
   rPois:     It protects you from poison.
   +Blink:    It lets you blink.
   rCorr:     It protects you from acid and corrosion.
 A - the amulet "Geceat" (around neck) {Acrobat Regen+ rCorr}
   (You acquired it on level 5 of the Lair of Beasts)

   [amulet of the acrobat]

   It increases your evasion while moving and waiting.
   Regen:     It increases your rate of health regeneration.
   rCorr:     It protects you from acid and corrosion.
 B - a +5 ring of evasion (left hand)
 H - a ring of protection from fire
 O - a ring of wizardry
 R - a ring of resist corrosion
 X - a ring of willpower
 Z - a ring of ice
Wands
 h - a wand of digging (11)
 w - a wand of acid (8) (quivered)
 I - a wand of roots (7)
 L - a wand of charming (23)
 M - a wand of flame (11)
Scrolls
 d - 3 scrolls of immolation
 j - 8 scrolls of teleportation
 k - 2 scrolls of enchant armour
 l - 3 scrolls of blinking
 o - 2 scrolls of enchant weapon
 r - 2 scrolls of brand weapon
 t - 4 scrolls of summoning
 u - 2 scrolls of magic mapping
 v - 4 scrolls of amnesia
 z - a scroll of fear
 S - a scroll of silence
 T - 2 scrolls of poison
Potions
 a - 4 potions of haste
 b - 5 potions of magic
 e - 4 potions of brilliance
 f - 10 potions of curing
 i - 5 potions of lignification
 p - 3 potions of berserk rage
 q - a potion of heal wounds
 C - 3 potions of resistance
 D - 7 potions of mutation
 F - 6 potions of might
 G - a potion of ambrosia
 U - 2 potions of cancellation
Miscellaneous
 n - a lightning rod (4/4)
 N - a box of beasts
 P - a phantom mirror
 Q - a condenser vane
 W - a phial of floods


   Skills:
 + Level 11.4 Fighting
 + Level 6.2 Axes
 - Level 8.0 Armour
 - Level 1.8 Dodging
 - Level 5.0 Stealth
 - Level 6.0 Shields
 + Level 9.8 Spellcasting
 + Level 13.9 Conjurations
 - Level 2.0 Transmutations
 - Level 4.0 Air Magic
 * Level 17.5 Earth Magic
 - Level 4.0 Poison Magic
 - Level 0.2 Evocations


You had 6 spell levels left.
You knew the following spells:

 Your Spells              Type           Power      Damage    Failure   Level
a - Sandblast             Erth           100%       2d20      0%          1
b - Stone Arrow           Conj/Erth      100%       3d13      1%          3
c - Poisonous Vapours     Pois/Air       66%        N/A       1%          2
d - Ignite Poison         Fire/Tmut/Pois 23%        N/A       2%          3
e - Lee's Rapid Deconstr  Erth           40%        3d20*     1%          5
f - Orb of Destruction    Conj           35%        9d10      5%          7
g - Iron Shot             Conj/Erth      38%        9d8       1%          6

Your spell library contained the following spells:

 Spells                   Type           Power      Damage    Failure   Level
 Ozocubu's Refrigeration  Ice            6%         4d8       100%        7
 Kiss of Death            Conj/Necr      100%       2d13      1%          1
 Passwall                 Tmut/Erth      49%        N/A       1%          2
 Dazzling Flash           Conj/Hex       96%        N/A       1%          3
 Mephitic Cloud           Conj/Pois/Air  50%        N/A       1%          3
 Iskenderun's Mystic Bla  Conj/Tloc      48%        2d11      1%          4
 Leda's Liquefaction      Hex/Erth       27%        N/A       1%          4
 Petrify                  Tmut/Erth      59%        N/A       1%          4
 Sticky Flame             Conj/Fire      48%        2d7       1%          4
 Arcjolt                  Conj/Air       28%        1d38      1%          5
 Iskenderun's Battlesphe  Conj           71%        2d12      1%          5
 Wereblood                Tmut           23%        N/A       4%          2
 Freezing Cloud           Conj/Ice/Air   21%        6-21      4%          5
 Volatile Blastmotes      Fire/Tloc      24%        2d12      5%          3
 Borgnjor's Vile Clutch   Necr/Erth      27%        N/A       5%          5
 Spider Form              Tmut/Pois      28%        N/A       6%          3
 Necrotise                Necr           48%        1d6       7%          1
 Slow                     Hex            48%        N/A       7%          1
 Vhi's Electric Charge    Tloc/Air       46%        N/A       9%          3
 Ensorcelled Hibernation  Hex/Ice        24%        N/A       11%         2
 Lesser Beckoning         Tloc           24%        N/A       11%         2
 Starburst                Conj/Fire      24%        6d8       16%         6
 Call Canine Familiar     Summ           12%        N/A       21%         3
 Confusing Touch          Hex            12%        N/A       21%         3
 Gell's Gravitas          Tloc           12%        N/A       21%         3
 Portal Projectile        Hex/Tloc       24%        N/A       21%         3
 Teleport Other           Tloc           12%        N/A       21%         3
 Vampiric Draining        Necr           12%        2d6       21%         3
 Yara's Violent Unravell  Hex/Tmut       8%         3d5       30%         5
 Anguish                  Hex/Necr       6%         N/A       56%         4
 Dispel Undead            Necr           12%        3d9       56%         4
 Summon Ice Beast         Ice/Summ       12%        N/A       56%         4
 Eringya's Noxious Bog    Tmut/Pois      14%        N/A       58%         6
 Plasma Beam              Fire/Air       11%        2x1d24    71%         6
 Agony                    Necr           12%        N/A       88%         5
 Summon Forest            Summ/Tloc      6%         N/A       88%         5
 Summon Mana Viper        Hex/Summ       12%        N/A       88%         5
 Spellforged Servitor     Conj/Summ      24%        N/A       61%         7
 Monstrous Menagerie      Summ           6%         N/A       100%        7
 Summon Hydra             Summ           6%         N/A       100%        7
 Ignition                 Fire           6%         3d4       100%        8
 Maxwell's Capacitive Co  Air            16%        ∞         100%        8
 Necromutation            Tmut/Necr      8%         N/A       100%        8
 Sublimation of Blood     Necr           Unusable   N/A       N/A         2

Dungeon Overview and Level Annotations

Branches:
Dungeon (13/15)            Temple (1/1) D:5            Lair (5/5) D:11
  Swamp (0/4) Lair:2       Spider (0/4) Lair:2        Slime (0/5) Lair:5
    Orc (2/2) D:9             Elf (0/3) Orc:2        Vaults (0/5) D:13
Ossuary (visited)

Altars:
Ashenzari
Cheibriados
Dithmenos
Elyvilon
Fedhas
Gozag
Hepliaklqana
Kikubaaqudgha
Makhleb
Nemelex Xobeh
Okawaru
Qazlal
Ru
Sif Muna
Uskayaw
Vehumet
Wu Jian
Xom
Yredelemnul
The Shining One

Shops:
D:2 ?   D:10 (   D:13 *   Orc:2 =!:?

Annotations:
D:13 exclusion: 2 upstairs, Nessos; Rupert; Urug
Lair:1 exclusion: minotaur
Orc:1 3 runed translucent doors, burt's ghost, journeyman DrCj


Innate Abilities, Weirdness & Mutations

You are immune to sickness and miasma.
Your stone body is resilient. (AC +11)
You are immune to poison.
Your large and strong wings let you fly.
You resist negative energy. (rN+)
You are resistant to electric shocks. (rElec)
You are resistant to unholy torment.
You are immune to petrification.


Message History

Press: ? - help, Dir - move target, p - Rupert
As you read the scroll of blinking, it crumbles to dust.
Casting: Stone Arrow (safe; 1% risk of failure)
Confirm with . or Enter, or press ? or * to list all spells.
Aiming: Poisonous Vapours (safe; 1% risk of failure)
Press: ? - help, Dir - move target, f - Rupert
Aim: Rupert, wielding a +3 great mace of protection and wearing a +0 ring mail of fire resistance (severely wounded, berserk, very poisoned) Poisonous vapours surround Rupert!
Rupert looks as sick as possible!
Unknown command.
Rupert rages.
You see here 4 large rocks.
There is an open door here.
Casting: Poisonous Vapours (safe; 1% risk of failure)
Confirm with . or Enter, or press ? or * to list all spells.
Aiming: Stone Arrow (safe; 1% risk of failure)
Press: ? - help, Shift-Dir - straight line, f/p - Rupert
Aim: Rupert, wielding a +3 great mace of protection and wearing a +0 ring mail of fire resistance (severely wounded, berserk, very poisoned, 81% to hit)
The stone arrow hits Rupert!
Rupert is almost dead.
Rupert hits you with a +3 great mace of protection!!
* * * LOW HITPOINT WARNING * * *
Casting: Stone Arrow (safe; 1% risk of failure)
Confirm with . or Enter, or press ? or * to list all spells.
You don't have enough magic to cast this spell.
Unknown command.
Okay, then.
Aiming: Corrosive Bolt
Press: ? - help, Q - select action, (/) - cycle Shift-Dir - straight line, f/p - Rupert
Aim: Rupert, wielding a +3 great mace of protection and wearing a +0 ring mail of fire resistance (almost dead, berserk, very poisoned, 75% to hit)
The bolt of acid hits Rupert!
The acid corrodes Rupert!
Rupert is almost dead.
Rupert closely misses you.
The boulder beetle curls into a ball and begins rolling!
Aiming: Corrosive Bolt
Press: ? - help, Q - select action, (/) - cycle Shift-Dir - straight line, f/p - Rupert
Aim: Rupert, wielding a +3 great mace of protection and wearing a +0 ring mail of fire resistance (almost dead, berserk, very poisoned, covered in acid, 75% to hit)
The bolt of acid hits Rupert!
Rupert seems to be corroded for longer.
Rupert is almost dead.
Rupert hits you with a +3 great mace of protection!!
You die...

#.....∩......#
#............#
#.......B....#
#............#
#............#
#.......(....#
#............#
########@#####
#@# #[#
##############.#
#..............#
#.##############
#.# #.# #.# #(#


You could see Rupert (berserk, very poisoned, corroded) and a boulder beetle
(rolling).

Vanquished Creatures
  Saint Roka (Orc:2)
  An orc warlord (Orc:2)
  2 dire elephants (Lair:5)
  Erolcha (Orc:2)
  Fannar (Lair:1)
  3 centaur warriors
  4 hydras
  A catoblepas (Lair:5)
  3 boulder beetles
  13 death yaks
  A tengu warrior (D:9)
  6 two-headed ogres
  Nergalle (Lair:2)
  4 orc high priests (Orc:2)
  A skeletal warrior (D:10)
  A skyshark (Lair:4)
  A spectral anaconda (Lair:5)
  An obsidian statue (Lair:5)
  A bog body (Lair:2)
  2 deep elf pyromancers
  4 necromancers (Lair:5)
  2 orc sorcerers
  14 elephants
  5 cyclopes
  A manticore (D:12)
  Maurice (D:8)
  3 black mambas
  Joseph (Lair:1)
  2 gargoyles (D:9)
  A torpor snail (Lair:4)
  A dire elephant skeleton (Lair:5)
  11 cane toads
  A dire elephant zombie (Lair:5)
  5 kobold demonologists
  6 rime drakes
  11 komodo dragons
  An unseen horror (D:12)
  3 meliai (D:13)
  7 trolls
  A polar bear (Lair:2)
  2 hornets
  4 dream sheep (Lair:4)
  26 blink frogs
  Prince Ribbit (D:7)
  A spectral elephant (Lair:5)
  A slime creature (D:10)
  2 jumping spiders (Lair:2)
  3 shadows
  A dire elephant simulacrum (Lair:5)
  6 wyverns
  A vampire (D:12)
  5 wraiths
  Eustachio (D:6)
  10 humans
  4 basilisks
  4 steam dragons
  31 yaks
  A redback (Lair:2)
  A death yak simulacrum (Lair:5)
  2 spectral cane toads (Lair:5)
  6 wargs
  13 water moccasins
  3 acid dragons
  4 ice beasts
  26 orc warriors
  A sky beast (D:8)
  2 black bears
  An elephant zombie (Lair:5)
  10 ogres
  6 centaurs
  An elephant skeleton (Lair:5)
  8 kobold brigands
  22 bullfrogs
  4 gnoll sergeants
  3 scorpions
  7 water moccasin zombies (Ossuary)
  5 wights
  An elephant simulacrum (Lair:5)
  13 killer bees
  2 electric eels (Lair:2)
  5 howler monkeys
  A crimson imp (D:7)
  2 jellies
  3 hounds
  25 orc priests
  4 iguanas
  Crazy Yiuf (D:2)
  2 sleepcaps
  Terence (D:2)
  29 orc wizards
  2 hell rats (D:11)
  3 mummies
  13 gnolls
  5 river rats (D:11)
  9 adders
  A shadow imp (D:8)
  2 white imps (D:7)
  An ufetubus (D:4)
  4 adder zombies (Ossuary)
  5 worms
  6 dart slugs
  69 orcs
  7 endoplasms
  9 giant cockroaches
  3 gnoll zombies (Ossuary)
  8 hobgoblins
  4 jackals (D:3)
  2 quokkas
  7 ball pythons
  3 bats
  2 frilled lizards (D:1)
  7 goblins
  4 hobgoblin zombies (Ossuary)
  17 kobolds
  7 kobold zombies
  4 orc zombies
  5 rats
657 creatures vanquished.

Vanquished Creatures (others)
  An orc wizard (Orc:2)
  A kobold (D:8)
2 creatures vanquished.

Grand Total: 659 creatures vanquished

Notes
Turn   | Place    | Note
-------+----------+-------------------------------------------
     0 | D:1      | LustLizard the Gargoyle Earth Elementalist began the quest
                  | for the Orb.
     0 | D:1      | Reached XP level 1. HP: 10/10 MP: 3/3
   165 | D:1      | Reached skill level 1 in Transmutations
   165 | D:1      | Reached XP level 2. HP: 16/16 MP: 1/5
   296 | D:1      | Reached skill level 4 in Earth Magic
   785 | D:1      | Reached XP level 3. HP: 20/20 MP: 4/6
   789 | D:1      | Learned a level 3 spell: Stone Arrow
  1177 | D:2      | Found a faded altar of an unknown god.
  1252 | D:2      | Reached skill level 1 in Fighting
  1393 | D:2      | Reached skill level 1 in Conjurations
  1395 | D:2      | Reached XP level 4. HP: 25/25 MP: 4/7
  1609 | D:2      | Noticed Terence
  1623 | D:2      | Killed Terence
  1817 | D:2      | Found Remn's Magic Scroll Shop.
  1820 | D:2      | Bought a scroll of identify for 28 gold pieces
  1894 | D:2      | Found a runed translucent door.
  1895 | D:2      | Noticed Crazy Yiuf
  2025 | D:3      | Reached XP level 5. HP: 29/29 MP: 5/8
  2954 | D:4      | Reached skill level 5 in Earth Magic
  2969 | D:4      | Reached XP level 6. HP: 21/35 MP: 0/10
  3772 | D:4      | Reached XP level 7. HP: 30/40 MP: 5/11
  3970 | D:4      | Found an iron altar of Okawaru.
  4200 | D:5      | Entered Level 5 of the Dungeon
  4207 | D:5      | Reached skill level 6 in Earth Magic
  4299 | D:5      | Learned a level 2 spell: Poisonous Vapours
  4557 | D:5      | Found a stormy altar of Qazlal.
  4578 | D:5      | Found a staircase to the Ecumenical Temple.
  4660 | Temple   | Entered the Ecumenical Temple
  4827 | Temple   | Became a worshipper of Vehumet
  5030 | D:5      | Reached skill level 1 in Poison Magic
  5186 | D:5      | Reached XP level 8. HP: 46/46 MP: 0/13
  5654 | D:2      | Killed Crazy Yiuf
  5918 | D:6      | Reached skill level 1 in Air Magic
  6375 | D:6      | Reached skill level 7 in Earth Magic
  6422 | D:6      | Noticed a troll
  6545 | D:6      | Noticed Eustachio
  6655 | D:6      | Killed Eustachio
  6656 | D:6      | Reached skill level 5 in Conjurations
  6766 | D:6      | Found a burning altar of Makhleb.
  6929 | D:6      | Noticed a green death
  6932 | D:6      | Noticed a hellwing
  6932 | D:6      | Noticed an orange demon
  7071 | D:6      | Killed a troll
  7072 | D:6      | Reached skill level 5 in Stealth
  7072 | D:6      | Reached XP level 9. HP: 38/52 MP: 0/15
  7183 | D:6      | Learned a level 3 spell: Ignite Poison
  7217 | D:7      | Found a sacrificial altar of Ru.
  7429 | D:7      | Reached * piety under Vehumet
  7429 | D:7      | Offered knowledge of Freeze by Vehumet.
  7543 | D:7      | Found a sand-covered staircase.
  7592 | Ossuary  | Entered an ossuary
  7787 | Ossuary  | Reached skill level 8 in Earth Magic
  7901 | Ossuary  | Reached ** piety under Vehumet
  7937 | Ossuary  | Offered knowledge of Scorch by Vehumet.
  8285 | D:7      | Identified the +0 chain mail of the Old World {-Cast Harm
                  | rN+ Str+3 Dex+3}
  8318 | D:7      | Found an opulent altar of Gozag.
  8345 | D:7      | Found a blossoming altar of Fedhas.
  8814 | D:7      | Noticed Prince Ribbit
  8816 | D:7      | Killed Prince Ribbit
  8817 | D:7      | Reached skill level 5 in Fighting
  8817 | D:7      | Reached skill level 9 in Earth Magic
  8817 | D:7      | Reached XP level 10. HP: 59/59 MP: 10/17
  9147 | D:8      | Found a shadowy altar of Dithmenos.
  9249 | D:8      | Offered knowledge of Static Discharge by Vehumet.
  9478 | D:8      | Reached *** piety under Vehumet
  9604 | D:8      | Reached skill level 1 in Armour
  9742 | D:8      | Reached skill level 5 in Spellcasting
  9785 | D:8      | Noticed Maurice
  9851 | D:8      | Killed Maurice
  9852 | D:8      | Reached skill level 1 in Shields
 10478 | D:9      | Noticed a centaur warrior
 10539 | D:9      | Noticed a gargoyle
 10544 | D:9      | Killed a gargoyle
 10637 | D:9      | Noticed a centaur warrior
 10679 | D:9      | Noticed a tengu warrior
 10694 | D:9      | Found a staircase to the Orcish Mines.
 10703 | D:9      | Offered knowledge of Hailstorm by Vehumet.
 10818 | D:9      | Found a hazy altar of Hepliaklqana.
 10912 | D:9      | Killed a centaur warrior
 10913 | D:9      | Reached skill level 10 in Earth Magic
 11081 | D:9      | Found a sparkling altar of Nemelex Xobeh.
 11081 | D:9      | Noticed a two-headed ogre
 11083 | D:9      | Noticed a deep elf pyromancer
 11096 | D:9      | Killed a two-headed ogre
 11097 | D:9      | Reached XP level 11. HP: 64/64 MP: 13/19
 11258 | D:9      | Killed a deep elf pyromancer
 11338 | D:9      | Killed a centaur warrior
 11417 | D:9      | Noticed a two-headed ogre
 11428 | D:9      | Killed a two-headed ogre
 11530 | D:9      | Killed a tengu warrior
 11531 | D:9      | Reached skill level 11 in Earth Magic
 11555 | D:9      | Reached **** piety under Vehumet
 11770 | D:9      | Offered knowledge of Lee's Rapid Deconstruction by Vehumet.
 11777 | D:9      | Learned a level 5 spell: Lee's Rapid Deconstruction
 12583 | D:9      | Found a broken altar of Ashenzari.
 12587 | D:9      | Saw a vision of the Swamp and the Spider Nest.
 12587 | D:9      | Noticed an eleionoma
 12587 | D:9      | Noticed a fenstrider witch
 12587 | D:9      | Noticed a pharaoh ant
 12587 | D:9      | Noticed a bog body
 12587 | D:9      | Noticed a wolf spider
 12588 | D:9      | Noticed a radroach
 12588 | D:9      | Noticed a spriggan rider
 12769 | D:10     | Entered Level 10 of the Dungeon
 12785 | D:10     | Noticed a +0 bardiche
 13182 | D:10     | Noticed a +0 bardiche
 13184 | D:10     | Found Carepp's Weapon Shoppe.
 13407 | D:10     | Noticed a skeletal warrior
 13407 | D:10     | Noticed a cyclops
 13407 | D:10     | Noticed a centaur warrior
 13544 | D:10     | Reached skill level 10 in Conjurations
 13628 | D:10     | Noticed a two-headed ogre
 13631 | D:10     | Killed a two-headed ogre
 13632 | D:10     | Reached XP level 12. HP: 72/72 MP: 13/21
 13728 | D:10     | Got the Elucidation of Telluric Variation
 13730 | D:10     | Noticed a fire dragon
 13811 | D:11     | Noticed a two-headed ogre
 13865 | D:10     | Killed a centaur warrior
 13981 | D:10     | Reached ***** piety under Vehumet
 13983 | D:10     | Offered knowledge of Orb of Destruction by Vehumet.
 13994 | D:10     | Learned a level 7 spell: Orb of Destruction
 14015 | D:10     | Reached skill level 12 in Earth Magic
 14257 | D:11     | Noticed a death yak
 14260 | D:11     | Noticed a death yak
 14271 | D:11     | Killed a death yak
 14414 | D:11     | Reached skill level 5 in Armour
 14421 | D:11     | Noticed a death yak
 14496 | D:11     | Killed a two-headed ogre
 14497 | D:11     | Reached skill level 5 in Shields
 14537 | D:11     | Found a staircase to the Lair.
 14550 | D:11     | Killed a death yak
 14558 | D:11     | Killed a death yak
 15145 | Lair:1   | Entered Level 1 of the Lair of Beasts
 15364 | D:2      | Bought a scroll of identify for 28 gold pieces
 15364 | D:2      | Bought a scroll of identify for 28 gold pieces
 15364 | D:2      | Bought a scroll of identify for 28 gold pieces
 15364 | D:2      | Bought a scroll of identify for 28 gold pieces
 15662 | Lair:1   | Noticed Joseph
 15711 | Lair:1   | Killed Joseph
 15932 | Lair:1   | Noticed a boulder beetle
 15978 | Lair:1   | Killed a boulder beetle
 15992 | Lair:1   | Reached skill level 13 in Earth Magic
 16237 | Lair:1   | Noticed Fannar
 16244 | Lair:1   | Killed Fannar
 16390 | Lair:1   | Reached XP level 13. HP: 78/78 MP: 17/23
 16471 | Lair:1   | Found a runed translucent door.
 16833 | Lair:1   | Noticed a minotaur
 17465 | Lair:2   | Noticed Nergalle
 17475 | Lair:2   | Killed Nergalle
 17646 | Lair:2   | Found a hole to the Spider Nest.
 17650 | Lair:2   | Found a staircase to the Swamp.
 17650 | Lair:2   | Identified the +1 broad axe of Ebeis {venom, Str+3 Dex+4}
 18868 | Lair:3   | Reached skill level 1 in Axes
 19283 | Lair:3   | Reached skill level 14 in Earth Magic
 19809 | Lair:4   | Offered knowledge of Spellforged Servitor by Vehumet.
 20437 | Lair:5   | Entered Level 5 of the Lair of Beasts
 20641 | Lair:5   | Gained mutation: Your large and strong wings let you fly.
                  | [Gargoyle growth]
 20641 | Lair:5   | Reached XP level 14. HP: 86/86 MP: 17/26
 20799 | Lair:5   | Noticed a dire elephant
 20799 | Lair:5   | Noticed a dire elephant
 21267 | Lair:3   | Reached skill level 15 in Earth Magic
 21860 | Lair:5   | Found a staircase to the Slime Pits.
 21919 | Lair:5   | Reached skill level 10 in Fighting
 22246 | Lair:5   | Identified a scroll of acquirement
 22247 | Lair:5   | Acquired the ring of Juegopt {+Blink rPois rCorr Int+6
                  | Dex+4 Slay-2}
 22756 | Lair:5   | Offered knowledge of Iskenderun's Battlesphere by Vehumet.
 22881 | Lair:5   | Identified the +3 rapier "Dragonbane" {drain, rC- Str+3
                  | Int+3 Stlth+}
 22909 | Lair:5   | Reached skill level 16 in Earth Magic
 23418 | Lair:5   | Killed a dire elephant
 23472 | Lair:5   | Killed a dire elephant
 23473 | Lair:5   | Reached XP level 15. HP: 21/93 MP: 17/28
 23567 | Lair:5   | Acquired the amulet "Geceat" {Acrobat Regen+ rCorr}
 23686 | Lair:5   | Reached skill level 5 in Axes
 24352 | Orc:1    | Entered Level 1 of the Orcish Mines
 24655 | Orc:1    | Noticed burt's ghost (journeyman DrCj)
 24656 | Orc:1    | Found a runed translucent gate.
 24656 | Orc:1    | Found a runed translucent gate.
 24656 | Orc:1    | Found a runed translucent gate.
 25299 | Orc:2    | Entered Level 2 of the Orcish Mines
 25624 | Orc:2    | Found Fushim's Magic Scroll Shoppe.
 25624 | Orc:2    | Found Cyme's Distillery.
 25625 | Orc:2    | Found Yfaesuck's Jewellery Emporium.
 25628 | Orc:2    | Found Ozxaemn's Book Shoppe.
 25747 | Orc:2    | Offered knowledge of Ozocubu's Refrigeration by Vehumet.
 25751 | Orc:2    | Noticed Saint Roka
 25790 | Orc:2    | Killed Saint Roka
 25791 | Orc:2    | Reached skill level 17 in Earth Magic
 26020 | Orc:2    | Bought a scroll of teleportation for 39 gold pieces
 26020 | Orc:2    | Bought a scroll of blinking for 97 gold pieces
 26020 | Orc:2    | Bought a scroll of summoning for 123 gold pieces
 26020 | Orc:2    | Bought a scroll of teleportation for 39 gold pieces
 26023 | Orc:2    | Bought a potion of brilliance for 60 gold pieces
 26023 | Orc:2    | Bought a potion of brilliance for 60 gold pieces
 26023 | Orc:2    | Bought a potion of resistance for 150 gold pieces
 26023 | Orc:2    | Bought a potion of curing for 45 gold pieces
 26023 | Orc:2    | Bought a potion of curing for 45 gold pieces
 26023 | Orc:2    | Bought a potion of heal wounds for 75 gold pieces
 26067 | Orc:2    | Noticed an orc warlord
 26221 | Orc:2    | Killed an orc warlord
 26380 | Orc:2    | Noticed Erolcha
 26383 | Orc:2    | Killed Erolcha
 26429 | Orc:2    | Found a staircase to the Elven Halls.
 27660 | D:13     | Found Zezipes's General Store.
 27924 | Orc:2    | Bought a scroll of identify for 26 gold pieces
 27924 | Orc:2    | Bought a scroll of identify for 26 gold pieces
 27924 | Orc:2    | Bought a scroll of identify for 26 gold pieces
 28143 | D:2      | Bought a scroll of enchant armour for 105 gold pieces
 28143 | D:2      | Bought a scroll of enchant armour for 105 gold pieces
 28143 | D:2      | Bought a scroll of summoning for 133 gold pieces
 28357 | Orc:2    | Bought a book of Power for 588 gold pieces
 28364 | Orc:2    | Learned a level 6 spell: Iron Shot
 28486 | D:13     | Noticed Nessos
 28486 | D:13     | Noticed Rupert
 28486 | D:13     | Noticed Urug
 28486 | D:13     | Found a gate to the Vaults.
 28805 | D:13     | Paralysed by Rupert for 2 turns
 28830 | D:13     | Slain by Rupert

Illustrated notes

Levels and vault maps discovered:
D:1:      minmay_arrival_open_corners, layout_loops_corners
D:2:      layout_rooms, serial_shops, nicolae_shop_rolled_up,
          dreamdust_ecumenical_altar_angels_and_demons,
          minmay_shallow_snake_nest, uniq_terence, uniq_crazy_yiuf_cottage
D:3:      layout_loops_corners, kennysheep_boxes
D:4:      layout_basic, kennysheep_okawaru_gauntlet
D:5:      layout_loops_cross, mainiacjoe_overflow_cross_hatched,
          minmay_temple_entry_ruins, solitary_fountain,
          chequers_serial_rivers_micro_e
D:6:      layout_gridville, makhleb_altar_promises_db, uniq_eustachio
D:7:      layout_cave_pods, nicolae_gozag_seed_capital,
          mainiacjoe_overflow_paths, nicolae_overflow_crystal_walls,
          nicolae_ossuary_entry_giza, minmay_fire_ice_demons,
          uniq_prince_ribbit1
D:8:      layout_gridville, nicolae_dithmenos_shadow_blocks, uniq_maurice
D:9:      hangedman_cross_cluster, layout_loops_ring, grunt_ashenzari_visionary
          [grunt_ashenzari_visionary_swamp, grunt_ashenzari_visionary_spider],
          mainiacjoe_overflow_24_doors, orc_0_dummy, minivault_1
D:10:     minmay_the_grid_octo_tiled_squarecenter
          [minmay_the_grid_octo_odd_swirl, minmay_the_grid_octo_checkerflower,
          minmay_the_grid_octo_concentric, minmay_the_grid_octo_tetromino_candy,
          minmay_the_grid_square_5x5_megaprize_crossed,
          minmay_the_grid_square_5x5_doubleslash,
          minmay_the_grid_square_5x5_inner_i,
          minmay_the_grid_square_5x5_two_small, minmay_the_grid_square_5x5_n],
          layout_basic, serial_shops, nicolae_shop_mannequins,
          minmay_misc_feat_columns
D:11:     layout_roguey, dpeg_lair_monsters
D:12:     layout_basic
D:13:     layout_basic, david_vaults_3, serial_shops, shop
Temple:   nicolae_temple_figure_eight
Lair:1:   dreamdust_labyrinth, layout_gridlike, grunt_forest_small_clearings,
          beast_lair_carwin_1, uniq_fannar, uniq_joseph
Lair:2:   layout_layer_cave, skrybe_swamp_entry_bodies, spider_nest_entry_a,
          chequers_serial_rivers_marsh, chequers_serial_rivers_small_3,
          serial_bayou_shore_a, uniq_nergalle
Lair:3:   layout_concentric_octagons, grunt_megastairs_3, uniq_nessos,
          uniq_rupert
Lair:4:   layout_hall_layers
Lair:5:   due_jungle_book, layout_gridlike, dpeg_slime_entry_corner,
          minmay_lair_drake_nest
Orc:1:    layout_caves, gammafunk_ghost_split, nicolae_orc_lava_tube,
          abandoned_shop
Orc:2:    st_orc_mages, layout_caves, uniq_erolcha, uniq_saint_roka

Skill      XL: |  1  2  3  4  5  6  7  8  9 10 11 12 13 14 15 |
---------------+----------------------------------------------+-----
Transmutations | 1 2 |  2.0
Earth Magic    | 4 5 6 7 9 10 11 13 14 16 17 | 17.5
Fighting       | 1 2 3 5 6 7 8 9 10 11 | 11.4
Conjurations   | 1 2 3 4 5 7 8 10 11 12 13 | 13.9
Stealth        | 3 4 5 |  5.0
Spellcasting   | 3 4 5 6 7 8 9 |  9.8
Poison Magic   | 1 2 3 4 |  4.0
Air Magic      | 2 3 4 |  4.0
Armour         | 2 4 5 7 8 |  8.0
Shields        | 2 4 5 6 |  6.0
Axes           | 2 4 6 |  6.2
Dodging        | |  1.8
Evocations     | |  0.2

Action                     |  1- 3 |  4- 6 |  7- 9 | 10-12 | 13-15 || total
---------------------------+-------+-------+-------+-------+-------++-------
  Melee: Unarmed           |     6 |       |       |       |       ||     6
         Sling             |       |       |     1 |       |       ||     1
         Broad axe         |       |       |       |       |   389 ||   389
   Fire: Sling             |    39 |    69 |   127 |   177 |   123 ||   535
   Cast: Sandblast         |    39 |    78 |    87 |    85 |   275 ||   564
         Stone Arrow       |       |       |    67 |   223 |   366 ||   656
         Poisonous Vapours |       |       |    10 |    35 |    48 ||    93
         Lee's Rapid Decon |       |       |       |     3 |       ||     3
         Ignite Poison     |       |       |       |       |    32 ||    32
  Evoke: Wand              |       |       |       |       |     2 ||     2
    Use: Scroll            |       |     2 |     3 |    10 |    23 ||    38
         Potion            |       |       |       |     1 |     4 ||     5
   Stab: Sleeping          |       |       |       |       |     2 ||     2
         Invisible         |       |       |       |       |     5 ||     5
         Distracted        |       |       |       |       |     1 ||     1
 Armour: Robe              |    14 |    17 |    17 |       |       ||    48
         Troll leather arm |       |       |    20 |    66 |   454 ||   540
  Dodge: Dodged            |    14 |    19 |    90 |   161 |   726 ||  1010
  Block: Buckler           |       |       |       |       |   249 ||   249
